 Dungeon Crawl Stone Soup version 0.32-a0-933-ga8fa3634e4 (webtiles) character file.

Game seed: 18414847573236585156

206 Heh the Slasher (level 5, -5/61 HPs)
             Began as a Coglin Berserker on Apr 14, 2024.
             Was a Believer of Trog.
             Slain by an ice beast (12 damage)
             ... on level 5 of the Dungeon.
             The game lasted 00:07:32 (3295 turns).

Heh the Slasher (Coglin Berserker)                  Turns: 3295, Time: 00:07:32

Health: -5/61      AC:  7    Str: 17    XL:     5   Next: 84%
Magic:  5/5        EV: 10    Int:  6    God:    Trog [**....]
Gold:   243        SH:  0    Dex: 16    Spells: 4/4 levels left

rFire   . . .        a - +0 falchion {Surjit}
rCold   . . .        k - +0 short sword {Haeun}
rNeg    . . .        e - +0 ring mail
rPois   .            t - +0 helmet
rElec   .            q - +0 cloak
rCorr   .            (no gloves)
SInv    .            (no boots)
Will    .....        (amulet unavailable) Stlth
                     (ring unavailable)
HPRegen 0.30/turn    (ring unavailable)
MPRegen 0.09/turn    (no gizmo)

%: no passive effects
@: berserking, revved, very quick
A: off-hand wielding, slow wielding, warmup strikes, no jewellery
a: Invent Gizmo, Renounce Religion, Berserk, Trog's Hand


You were on level 5 of the Dungeon.
You worshipped Trog.
Trog was pleased with you.
You visited 2 branches of the dungeon, and saw 6 of its levels.

You collected 243 gold pieces.

Inventory:

Hand Weapons
 a - a +0 falchion (weapon) {Surjit}
 c - a +0 dagger {Fernando}
 k - a +0 short sword (offhand) {Haeun}
Missiles
 v - 2 javelins (quivered)
Armour
 b - a +0 animal skin
 e - a +0 ring mail (worn)
 h - a +0 cloak
 q - a +0 cloak (worn)
 t - a +0 helmet (worn)
Wands
 l - a wand of digging (11)
Scrolls
 d - 4 scrolls of identify {unknown}
 f - a scroll of torment {unknown}
 g - 2 scrolls of poison {unknown}
 o - a scroll of fear {unknown}
 p - a scroll of blinking {unknown}
 r - a scroll of teleportation {unknown}
 s - a scroll of immolation {unknown}
Potions
 i - a potion of attraction {unknown}
 j - 3 potions of lignification {unknown}
 m - a potion of haste {unknown}
 n - a potion of degeneration {unknown}
 u - a potion of curing {unknown}


   Skills:
 - Level 3.0 Fighting
 + Level 6.3 Long Blades
 - Level 1.7 Armour
 - Level 1.7 Dodging


You had 4 spell levels left.
You didn't know any spells.
Your spell library was empty.

Dungeon Overview and Level Annotations

Branches:
Dungeon (5/15)             Temple (1/1) D:4

Altars:
Ashenzari
Cheibriados
Dithmenos
Elyvilon
Gozag
Kikubaaqudgha
Makhleb
Nemelex Xobeh
Okawaru
Qazlal
Ru
Sif Muna
Trog
Uskayaw
Vehumet
Wu Jian
Xom
Yredelemnul


Innate Abilities, Weirdness & Mutations

You can wield a second weapon in your off-hand.
It takes a long time for you to wield or remove held weapons.
Your first few attacks do less damage.
You cannot equip rings or amulets.


Message History

The ice beast is moderately wounded.
You hit the ice beast but do no damage. The ice beast hits you.
The ice beast freezes you.
You barely miss the ice beast with your +0 falchion.
The ice beast is moderately wounded.
You hit the ice beast with your +0 short sword.
The ice beast hits you but does no damage.
You hit the ice beast but do no damage.
The ice beast is moderately wounded.
You hit the ice beast with your +0 falchion.
The ice beast closely misses you.
You closely miss the ice beast with your +0 short sword.
The ice beast is heavily wounded.
You slash the ice beast with your +0 falchion!
The ice beast hits you but does no damage.
You barely miss the ice beast with your +0 falchion.
The ice beast is severely wounded.
You barely miss the ice beast with your +0 short sword.
The ice beast misses you.
You closely miss the ice beast with your +0 short sword.
The ice beast is severely wounded.
You hit the ice beast but do no damage. The ice beast hits you.
The ice beast freezes you.
You hit the ice beast but do no damage.
The ice beast is severely wounded.
You barely miss the ice beast with your +0 falchion.
The ice beast hits you. The ice beast freezes you!
* * * LOW HITPOINT WARNING * * *
You are too injured to fight recklessly!
You are too injured to fight recklessly!
A red film seems to cover your vision as you go berserk!
You feel yourself moving faster!
You feel mighty! The ice beast hits you.
* * * LOW HITPOINT WARNING * * *
The ice beast freezes you.
* * * LOW HITPOINT WARNING * * *
You feel a strong urge to attack something.
The ice beast hits you.
* * * LOW HITPOINT WARNING * * *
The ice beast freezes you!
You die...

...†..............#...#....#....#
..#..#######...........#....##..#
.#...## #.................##.#
......# #.....................
..##..## ##.....................
.. ##..# ##...........#.......###
.# #..###..##........##....### .
##..#..####........##...# #.....#
#.@...........# #....##
#Y.......... # .......#
#.#####..# #.. # #.#.#....# .|#
.# #..#### # ###..#.....## #.....
#.####... ##.... ..# ##.. #.###
.. #.# #. # #


You could see an ice beast.

Vanquished Creatures
  2 orc priests (D:4)
  An iguana (D:4)
  6 adders
  2 dart slugs
  A ribbon worm (D:4)
  6 orcs
  4 ball pythons
  4 endoplasms
  2 giant cockroaches
  2 goblins (D:4)
  4 hobgoblins
  4 jackals (D:3)
  5 kobolds
  3 quokkas
  6 bats
  2 frilled lizards
  4 rats
58 creatures vanquished.

Notes
Turn   | Place    | Note
-------+----------+-------------------------------------------
     0 | D:1      | Heh the Coglin Berserker began the quest for the Orb.
     0 | D:1      | Reached XP level 1. HP: 18/18 MP: 1/1
   155 | D:1      | Reached XP level 2. HP: 24/24 MP: 2/2
   649 | D:2      | Reached skill level 4 in Long Blades
  1019 | D:2      | Reached ** piety under Trog
  1149 | D:2      | Reached XP level 3. HP: 29/29 MP: 3/3
  1487 | D:3      | Reached XP level 4. HP: 29/35 MP: 4/4
  2072 | D:3      | Found a broken altar of Ashenzari.
  2394 | D:4      | Reached skill level 5 in Long Blades
  2579 | D:4      | Found a staircase to the Ecumenical Temple.
  2595 | D:4      | Reached XP level 5. HP: 28/41 MP: 5/5
  2600 | D:4      | Reached skill level 6 in Long Blades
  2610 | Temple   | Entered the Ecumenical Temple
  2961 | D:4      | Found a sacrificial altar of Ru.
  3166 | D:5      | Entered Level 5 of the Dungeon
  3277 | D:5      | Noticed an ice beast
  3295 | D:5      | Slain by an ice beast

Illustrated notes

Levels and vault maps discovered:
D:1:      hellmonk_arrival_library, layout_rooms
D:2:      mumra_celtic_spiral_tile, layout_basic
D:3:      layout_loops_corners, nicolae_ashenzari_panopticon,
          minmay_gold_behind_fungi
D:4:      layout_loops_ring, nicolae_ru_the_path_less_chosen,
          minmay_temple_entry_ruins
D:5:      layout_layer_cave, minmay_manual_moon
Temple:   nicolae_temple_superstar

Skill      XL: |  1  2  3  4  5 |
---------------+----------------+-----
Long Blades    | 4 5 6 |  6.3
Fighting       | |  3.0
Armour         | |  1.7
Dodging        | |  1.7

Action                     |  1- 3 |  4- 6 || total
---------------------------+-------+-------++-------
  Melee: Falchion          |    86 |   101 ||   187
         Dagger            |    34 |       ||    34
         Short sword       |    44 |    98 ||   142
 Invoke: Berserk           |       |     2 ||     2
         Trog's Hand       |       |     1 ||     1
 Armour: Animal skin       |    10 |       ||    10
         Ring mail         |    45 |    50 ||    95
  Dodge: Dodged            |    58 |    39 ||    97

Table legend: (Time is in decaauts)
 A = Elapsed time spent in this place.
 B = Non-inter-level travel time spent in this place.
 C = Inter-level travel time spent in this place.
 D = Time resting spent in this place.
 E = Time spent auto-exploring this place.
 F = Levels seen in this place.
 G = Mean time per level.
                   A        B        C        D        E       F      G
               +--------+--------+--------+--------+--------+-----+--------+
         Total |   3293 |   3157 |    136 |      0 |   2690 |   6 |  548.8 |
       Dungeon |   3240 |   3104 |    136 |      0 |   2641 |   5 |  648.0 |
        Temple |     52 |     52 |      0 |      0 |     49 |   1 |   52.0 |
               +--------+--------+--------+--------+--------+-----+--------+

Top non-repeatable levels by time:
     D:3: 922 daAuts
     D:4: 816 daAuts
     D:2: 770 daAuts
     D:1: 603 daAuts
     D:5: 127 daAuts
  Temple: 52 daAuts
